 Dungeon Crawl Stone Soup version 0.30-a0-629-gd54f4be4f7 (webtiles) character file.

Game seed: 4735628830608101622

33514 acebull12 the Cleaver (level 13, -13/104 HPs)
             Began as a Demonspawn Gladiator on Jan 12, 2023.
             Was a Follower of Ashenzari.
             Killed from afar by an electric eel (16 damage)
             ... with a bolt of electricity
             ... on level 4 of the Lair of Beasts.
             The game lasted 00:44:09 (17124 turns).

acebull12 the Cleaver (Demonspawn Gladiator)       Turns: 17124, Time: 00:44:09

Health: -13/104    AC: 14    Str: 24    XL:     13   Next: 37%
Magic:  16/16      EV: 28    Int: 17    God:    Ashenzari [*.....]
Gold:   864        SH: 11    Dex: 21    Spells: 12/16 levels left

rFire   . . .      SeeInvis .    y - +10 broad axe of the Bound Burden {protect, Int+6, Self, Melee} (curse)
rCold   + . .      Faith    .    t - +0 kite shield {rC+}
rNeg    . . .      Spirit   .    W - +0 acid dragon scales
rPois   .          Reflect  .    (helmet restricted)
rElec   .          Harm     .    M - +0 cloak
rCorr   +          Rampage  .    V - +0 pair of gloves
Will    .....                    m - +0 pair of boots
Stlth   ++                       B - amulet of the acrobat
HPRegen 0.37/turn                b - +6 ring of strength
MPRegen 0.15/turn                c - ring "Paranoia of Ashenzari" {Dex+6, Elem, Self} (curse)

@: acrobatic
A: horns 2, molten scales 2, demonic guardian 2, powered by death 1, corrupting
presence 1
a: Renounce Religion, Curse Item, Shatter the Chains


You were on level 4 of the Lair of Beasts.
You worshipped Ashenzari.
Ashenzari was aware of your devotion.
You visited 3 branches of the dungeon, and saw 17 of its levels.
You also visited: Ice Cave.

You collected 1026 gold pieces.
You spent 162 gold pieces at shops.

Inventory:

Hand Weapons
 w - a +1 whip of electrocution
 y - the cursed +10 broad axe of the Bound Burden (weapon) {protect, Int+6, Self, Melee}
   (You bought it in a shop on level 3 of the Dungeon)

   Int:       It affects your intelligence (+6).
   It has a curse which improves the following skills: Introspection: Fighting
   and Spellcasting.
   Melee Combat: Short Blades, Long Blades, Axes, Maces & Flails, Polearms,
   Staves and Unarmed Combat.
Missiles
 d - 6 throwing nets
 e - 5 javelins
 p - 96 stones (quivered)
 A - 16 poisoned darts
Armour
 g - a +2 crystal plate armour of cold resistance
 m - a +0 pair of boots (worn)
 t - a +0 kite shield of cold resistance (worn)
 M - a +0 cloak (worn)
 V - a +0 pair of gloves (worn)
 W - +0 acid dragon scales (worn)
Jewellery
 b - a +6 ring of strength (left hand)
 c - the cursed ring "Paranoia of Ashenzari" (right hand) {Dex+6, Elem, Self}
   (You found it on level 5 of the Dungeon)

   [ring of dexterity]

   Dex:       It affects your dexterity (+6).
   It has a curse which improves the following skills: Elements: Fire Magic, Ice
   Magic, Air Magic and Earth Magic.
   Introspection: Fighting and Spellcasting.
 B - an amulet of the acrobat (around neck)
 F - a ring of willpower
 I - a +6 ring of dexterity
 T - a ring of poison resistance
 X - a +6 ring of dexterity
 Z - a +6 ring of strength
Wands
 a - a wand of flame (8)
 D - a wand of iceblast (14)
 G - a wand of paralysis (10)
 N - a wand of quicksilver (8)
Scrolls
 f - a scroll of noise
 h - a scroll of summoning
 i - 2 scrolls of poison
 k - 5 scrolls of fog
 s - 2 scrolls of teleportation
 x - 2 scrolls of vulnerability
 z - 3 scrolls of torment
 C - 3 scrolls of enchant weapon
 E - 2 scrolls of magic mapping
 L - 3 scrolls of silence
 O - a scroll of amnesia
 P - 2 scrolls of fear
 U - a scroll of blinking
 Y - a scroll of enchant armour
Potions
 j - 2 potions of lignification
 l - 4 potions of haste
 n - 2 potions of invisibility
 o - 2 potions of resistance
 r - a potion of berserk rage
 u - 3 potions of curing
 v - 4 potions of brilliance
 H - a potion of ambrosia
 J - 2 potions of flight
 K - a potion of might
 Q - 4 potions of heal wounds
Miscellaneous
 q - a piece from Xom's chessboard (15/15)


   Skills:
 - Level 9.2(10.5) Fighting
 + Level 2.9(3.7) Long Blades
 * Level 14.5(15.4) Axes
 - Level 1.9(9.8) Maces & Flails
 * Level 8.0 Throwing
 + Level 6.2 Armour
 + Level 5.6 Dodging
 + Level 3.2 Stealth
 * Level 4.8 Shields
 * Level 1.3(2.2) Spellcasting
 * Level 1.6 Conjurations
 * Level 1.0(1.5) Fire Magic


You had 12 spell levels left.
You knew the following spells:

 Your Spells              Type           Power      Damage    Failure   Level
a - Flame Wave            Conj/Fire      7%         2d5       98%         4

Your spell library contained the following spells:

 Spells                   Type           Power      Damage    Failure   Level
 Magic Dart               Conj           28%        1d4       34%         1
 Blink                    Tloc           2%         N/A       71%         2
 Call Imp                 Summ           1%         N/A       71%         2
 Hailstorm                Conj/Ice       4%         3d4       82%         3
 Inner Flame              Hex/Fire       4%         N/A       83%         3
 Kindle Blastsparks       Fire/Tloc/Air  6%         2d10      85%         3
 Mephitic Cloud           Conj/Pois/Air  3%         N/A       85%         3
 Ignite Poison            Fire/Tmut/Pois 3%         N/A       86%         3
 Sticky Flame             Conj/Fire      7%         2d3       98%         4
 Fulminant Prism          Conj/Hex       2%         3d5       99%         4
 Iskenderun's Mystic Bla  Conj/Tloc      4%         2d3       99%         4
 Ice Form                 Ice/Tmut       2%         N/A       100%        4
 Manifold Assault         Tloc           1%         N/A       100%        4
 Olgreb's Toxic Radiance  Pois           1%         N/A       100%        4
 Petrify                  Tmut/Erth      2%         N/A       100%        4
 Summon Ice Beast         Ice/Summ       2%         N/A       100%        4
 Alistair's Intoxication  Tmut/Pois      0%         N/A       100%        5
 Borgnjor's Vile Clutch   Necr/Erth      1%         N/A       100%        5
 Freezing Cloud           Conj/Ice/Air   1%         6-21      100%        5
 Lee's Rapid Deconstruct  Erth           1%         3d4*      100%        5
 Metabolic Englaciation   Hex/Ice        1%         N/A       100%        5
 Summon Mana Viper        Hex/Summ       1%         N/A       100%        5
 Eringya's Noxious Bog    Tmut/Pois      0%         N/A       100%        6
 Simulacrum               Ice/Necr       1%         N/A       100%        6
 Statue Form              Tmut/Erth      1%         N/A       100%        6
 Ozocubu's Refrigeration  Ice            1%         4d7       100%        7
 Storm Form               Tmut/Air       1%         N/A       100%        7
 Ignition                 Fire           3%         3d4       100%        8


Dungeon Overview and Level Annotations

Branches:
Dungeon (12/15)            Temple (1/1) D:6            Lair (4/5) D:11
 Shoals (0/4) Lair:2        Snake (0/4) Lair:3        IceCv (visited)
  Slime: Lair:4-5       Orc: D:9-12

Altars:
Ashenzari
Cheibriados
Dithmenos
Fedhas
Gozag
Hepliaklqana
Kikubaaqudgha
Makhleb
Nemelex Xobeh
Okawaru
Qazlal
Ru
Sif Muna
Trog
Uskayaw
Vehumet
Wu Jian
Xom
Yredelemnul
Jiyva

Shops:
D:3 (((*   D:9 [

Annotations:
D:9 1 runed translucent door, IdlyInterested's ghost, journeyman DsBe
D:10 2 runed translucent doors, wormed's ghost, novice DgGl


Innate Abilities, Weirdness & Mutations

You have a pair of horns on your head.
You are mostly covered in molten scales. (AC +3)
A demonic guardian rushes to your aid.
You regenerate a little health from kills.
Your presence sometimes corrodes those you injure.


Message History

The electric eel shoots out a bolt of lightning at you!
The bolt of electricity misses you.
The electric eel shoots out a bolt of lightning at you!
The bolt of electricity hits you!
A demonic guardian appears!
There is an open door here.
The electric eel shoots out a bolt of lightning at you!
The bolt of electricity misses you.
The electric eel shoots out a bolt of lightning at you!
The bolt of electricity misses you.
The electric eel shoots out a bolt of lightning at you!
The bolt of electricity hits you!
The electric eel shoots out a bolt of lightning at you!
The bolt of electricity misses you.
The electric eel shoots out a bolt of lightning at you!
The bolt of electricity misses you.
The electric eel shoots out a bolt of lightning at you!
The bolt of electricity hits you!
The electric eel shoots out a bolt of lightning at you!
The bolt of electricity hits you! The bolt of electricity misses you.
The electric eel shoots out a bolt of lightning at you!
The bolt of electricity hits you!
The electric eel shoots out a bolt of lightning at you!
The bolt of electricity misses you. The bolt of electricity hits you!
Your ice devil misses the electric eel.
The electric eel shoots out a bolt of lightning at you!
The bolt of electricity hits you.
The electric eel shoots out a bolt of lightning at you!
The bolt of electricity hits you.
* * * LOW HITPOINT WARNING * * *
The electric eel shoots out a bolt of lightning at you!
The bolt of electricity hits you!
* * * LOW HITPOINT WARNING * * *
The bolt of electricity hits you!
* * * LOW HITPOINT WARNING * * *
Your ice devil hits the electric eel.
Your ice devil freezes the electric eel!
The electric eel seems to slow down.
The electric eel shoots out a bolt of lightning at you!
The bolt of electricity hits you!
You die...

...........~≈≈≈≈ ~........P..
..........~~~≈≈≈≈≈≈≈≈~...........
†.........~≈≈≈≈≈≈≈≈≈≈~≈..........
..........~~≈≈≈≈≈≈≈≈≈≈≈..........
........[~~≈≈≈~~~~S≈≈≈~~.........
.........~≈≈~~....~~~≈~≈.........
.........≈≈~~.......~S≈≈~.....##'
.........~≈~.#####...~≈≈≈~...###.
.........~≈≈.#..@#....~~~~....##.
.........≈≈~.#.).'..~....~...###.
.........≈≈≈.#...#.~~~........##.
.........~≈~.#'###.~~..≈.....P...
.........~~~.#.#.#..4.S~~....P..P
..........~≈.#.#)#...S~≈≈~....###
..........≈~.#.#.#..~≈≈≈≈~~..####
..........~~.#.'.#..~≈≈≈≈≈~......
..........≈~.#####.~≈~≈≈≈~~......


You could see 2 electric eels and a friendly ice devil (summoned).

Vanquished Creatures
  A reaper (IceCv)
  A necromancer (Lair:4)
  A deep elf pyromancer (D:11)
  An ugly thing (D:9)
  A salamander (Lair:3)
  An oklob plant (D:11)
  5 elephants (Lair:4)
  4 black mambas
  An ice statue (IceCv)
  9 cane toads
  A kobold demonologist (D:11)
  5 rime drakes
  6 komodo dragons
  2 anaconda simulacra (IceCv)
  3 ice devils
  A troll (D:11)
  4 polar bears
  A hornet (D:7)
  14 blink frogs
  5 slime creatures
  4 dream sheep (Lair:3)
  A centaur simulacrum (D:11)
  A water elemental (D:11)
  29 yaks
  4 wyverns
  A dire elephant simulacrum (IceCv)
  A wraith (D:9)
  A steam dragon (D:9)
  2 vampire mosquitoes (D:11)
  2 death yak simulacra (IceCv)
  2 harpy simulacra (IceCv)
  An acid dragon (D:10)
  12 water moccasins
  An orc warrior (D:10)
  2 elephant zombies (Lair:4)
  6 ice beasts
  4 black bears
  A sky beast (D:6)
  2 ogres (D:6)
  3 centaurs
  8 wolves
  A komodo dragon zombie (Lair:4)
  12 bullfrogs
  A necrophage (D:7)
  5 two-headed ogre simulacra (IceCv)
  A scorpion (D:6)
  A cane toad simulacrum (IceCv)
  2 elephant simulacra (IceCv)
  5 killer bees (D:9)
  3 howler monkeys (D:10)
  4 electric eels
  5 jellies
  A gnoll bouda (D:7)
  3 orc priests
  2 hounds
  Jessica (D:2)
  3 iguanas
  5 orc wizards
  4 hell rats (Lair:2)
  3 spriggan simulacra (IceCv)
  6 troll simulacra (IceCv)
  Terence (D:2)
  2 polar bear simulacra (IceCv)
  4 wolf simulacra (IceCv)
  3 gnolls (D:7)
  5 adders
  6 naga simulacra (IceCv)
  5 shadow imps
  6 white imps
  11 ufetubi
  A worm (D:5)
  2 dart slugs
  24 orcs
  7 ball pythons
  4 endoplasms
  A giant cockroach (D:1)
  6 goblins
  10 hobgoblins
  3 jackals (D:2)
  2 kobolds
  5 quokkas
  3 bats
  3 frilled lizards
  5 rats
342 creatures vanquished.

Vanquished Creatures (collateral kills)
  A hydra (Lair:3)
  An ice devil (IceCv)
  A polar bear (D:11)
  A hornet (D:9)
  A slime creature (D:11)
  3 yaks (Lair:3)
  A basilisk (Lair:1)
  A black bear (D:6)
  An elephant zombie (Lair:4)
  A centaur (D:6)
  A bullfrog (Lair:3)
  2 lava snakes (Lair:3)
  An iguana (D:6)
  A polar bear simulacrum (IceCv)
  An adder (D:2)
  An orc (D:4)
19 creatures vanquished.

Vanquished Creatures (others)
  36 fungi
  48 plants
84 creatures vanquished.

Grand Total: 445 creatures vanquished

Notes
Turn   | Place    | Note
-------+----------+-------------------------------------------
     0 | D:1      | acebull12 the Demonspawn Gladiator began the quest for the
                  | Orb.
     0 | D:1      | Reached XP level 1. HP: 16/16 MP: 1/1
   155 | D:1      | Gained mutation: A weak demonic guardian rushes to your
                  | aid. [demonic ancestry]
   155 | D:1      | Reached XP level 2. HP: 20/22 MP: 2/2
   862 | D:2      | Reached skill level 1 in Maces & Flails
   862 | D:2      | Gained mutation: A demonic guardian rushes to your aid.
                  | [demonic ancestry]
   862 | D:2      | Reached XP level 3. HP: 27/27 MP: 3/3
   928 | D:2      | Noticed Jessica
   938 | D:2      | Killed Jessica
   945 | D:2      | Reached XP level 4. HP: 26/33 MP: 4/4
  1201 | D:2      | Noticed Terence
  1212 | D:2      | Killed Terence
  1213 | D:2      | Reached skill level 1 in Armour
  1569 | D:3      | Found Cucuw's Antique Weapon Emporium.
  1575 | D:3      | Got the Folio of the Sphinx and the Winter
  1627 | D:3      | Found Voosk's Antique Weapon Shoppe.
  1734 | D:3      | Found Naphou's Antique Weapon Shoppe.
  1744 | D:3      | Bought a crystal broad axe for 162 gold pieces
  1744 | D:3      | Identified the +10 broad axe of the Incandescent {protect,
                  | Int+6} (You bought it in a shop on level 3 of the Dungeon)
  1773 | D:3      | Gained mutation: You have a pair of small horns on your
                  | head. [demonic ancestry]
  1773 | D:3      | Reached XP level 5. HP: 39/39 MP: 5/5
  1843 | D:3      | Found Fuisy's Assorted Antiques.
  2383 | D:4      | Reached skill level 1 in Axes
  2383 | D:4      | Reached skill level 1 in Stealth
  2388 | D:4      | Found a sacrificial altar of Ru.
  2850 | D:5      | Entered Level 5 of the Dungeon
  3062 | D:5      | Reached skill level 2 in Axes
  3062 | D:5      | Reached XP level 6. HP: 46/46 MP: 6/6
  3115 | D:5      | Found a stormy altar of Qazlal.
  3159 | D:5      | Noticed an ice beast
  3166 | D:5      | Killed an ice beast
  3215 | D:5      | Reached skill level 3 in Axes
  3814 | D:6      | Reached XP level 7. HP: 52/52 MP: 7/7
  3943 | D:6      | Found a staircase to the Ecumenical Temple.
  3955 | Temple   | Entered the Ecumenical Temple
  4174 | Temple   | Became a worshipper of Ashenzari the Shackled
  4626 | D:6      | Reached skill level 4 in Axes
  4809 | D:6      | Gained mutation: You have a pair of horns on your head.
                  | [demonic ancestry]
  4809 | D:6      | Reached XP level 8. HP: 47/60 MP: 8/8
  4810 | D:6      | Reached skill level 5 in Axes
  5072 | D:7      | Noticed a hornet
  5306 | D:7      | Found a shimmering altar of Xom.
  5648 | D:7      | Killed a hornet
  5649 | D:7      | Reached skill level 6 in Axes
  6161 | D:8      | Gained mutation: You are partially covered in molten
                  | scales. (AC +2) [demonic ancestry]
  6161 | D:8      | Reached XP level 9. HP: 53/68 MP: 9/9
  6287 | D:8      | Found a burning altar of Makhleb.
  6292 | D:8      | Noticed a blizzard demon
  6294 | D:8      | Noticed an angel
  7042 | D:9      | Found Toozofe's Armour Shop.
  7263 | D:9      | Reached skill level 5 in Fighting
  7263 | D:9      | Reached skill level 7 in Axes
  7263 | D:9      | Reached skill level 5 in Armour
  7587 | D:9      | Found a runed translucent door.
  7590 | D:9      | Noticed IdlyInterested's ghost (journeyman DsBe)
  7592 | D:9      | Identified the +2 spear "Ugyb Duj" {freeze, rC- rCorr
                  | Dex+6}
  7688 | D:9      | Noticed a green ugly thing
  7697 | D:9      | Killed a green ugly thing
  7698 | D:9      | Reached skill level 8 in Axes
  7707 | D:9      | HP: 3/69 [poisoned by a green ugly thing]
  7967 | D:9      | Gained mutation: Your presence sometimes corrodes those you
                  | injure. [demonic ancestry]
  7967 | D:9      | Reached XP level 10. HP: 61/76 MP: 10/10
  8018 | D:9      | Found a radiant altar of Vehumet.
  8021 | D:9      | Found an ancient bone altar of Kikubaaqudgha.
  8021 | D:9      | Found a bloodstained altar of Trog.
  8022 | D:9      | Found an iron altar of Okawaru.
  8089 | D:9      | Reached skill level 9 in Axes
  8137 | D:9      | Found an opulent altar of Gozag.
  8424 | D:10     | Entered Level 10 of the Dungeon
  8445 | D:10     | Found a viscous altar of Jiyva.
  8449 | D:10     | Reached skill level 5 in Throwing
  8808 | D:10     | Identified the +6 hand axe of Dishonesty {vamp, Int+3}
  8870 | D:10     | Found a large runed translucent door.
  8871 | D:10     | Found a large runed translucent door.
  8873 | D:10     | Noticed wormed's ghost (novice DgGl)
  9071 | D:10     | Reached skill level 10 in Axes
  9517 | D:11     | Reached skill level 11 in Axes
  9517 | D:11     | Reached XP level 11. HP: 41/84 MP: 11/11
  9702 | D:11     | Found a staircase to the Lair.
  9710 | D:11     | Noticed an oklob plant
  9832 | D:11     | Found a frozen archway.
  9992 | IceCv    | Entered an ice cave
 10999 | IceCv    | Reached skill level 1 in Shields
 11106 | IceCv    | Noticed a reaper
 11113 | IceCv    | Killed a reaper
 11114 | IceCv    | Reached skill level 12 in Axes
 11795 | D:11     | Noticed a deep elf pyromancer
 11805 | D:11     | Killed a deep elf pyromancer
 11806 | D:11     | Reached skill level 5 in Dodging
 12475 | D:11     | Killed an oklob plant
 12500 | Lair:1   | Entered Level 1 of the Lair of Beasts
 12718 | Lair:1   | Gained mutation: You are mostly covered in molten scales.
                  | (AC +3) [demonic ancestry]
 12718 | Lair:1   | Reached XP level 12. HP: 94/94 MP: 12/12
 13457 | Lair:2   | Found a staircase to the Shoals.
 13477 | Lair:2   | Reached skill level 13 in Axes
 14823 | Lair:3   | Noticed a seven-headed hydra
 14986 | Lair:3   | Killed a seven-headed hydra
 14987 | Lair:3   | Reached skill level 14 in Axes
 15320 | Lair:3   | Gained mutation: You regenerate a little health from kills.
                  | [demonic ancestry]
 15320 | Lair:3   | Reached XP level 13. HP: 91/101 MP: 13/13
 15468 | Lair:3   | Found a staircase to the Snake Pit.
 15489 | Lair:3   | Reached * piety under Ashenzari
 15495 | Lair:3   | Learned a level 4 spell: Flame Wave
 16014 | Lair:4   | Identified the +1 robe "Onutor" {Int+4 Dex+3}
 16341 | Lair:4   | Reached skill level 1 in Conjurations
 16485 | Lair:4   | Reached skill level 1 in Spellcasting
 16899 | Lair:4   | Reached skill level 1 in Fire Magic
 17123 | Lair:4   | HP: 3/104 [electric eel/bolt of electricity (16)]
 17124 | Lair:4   | Killed from afar by an electric eel

Illustrated notes

Levels and vault maps discovered:
D:1:      lordsloth_arrival_two_stooges, layout_loops_ring
D:2:      layout_loops_ring, kennysheep_generic_room_10, uniq_jessica,
          uniq_terence
D:3:      layout_rooms, serial_shops, nicolae_shop_trees,
          nicolae_shop_temple_entry_statues_fountains, nicolae_shop_stone,
          shop_fountains
D:4:      layout_loops_corners, mainiacjoe_overflow_alcove_2, dk_noncrumbling_3
D:5:      layout_basic, grunt_qazlal_clouds
D:6:      layout_loops_corners, minmay_temple_entry_mini_moons,
          minmay_fractal_squares_gapless_5
D:7:      layout_basic, mainiacjoe_overflow_brackets, nicolae_eternal_life,
          minmay_misc_feat_chi
D:8:      layout_basic, grunt_temple_overflow_order_and_chaos_2,
          grunt_ministairs_7
D:9:      layout_loops_ring, grunt_temple_overflow_open,
          ebering_ghost_funeral_grove, serial_shops, shop, minmay_microvault
D:10:     layout_roguey, ebering_ghost_disaster_area,
          chequers_serial_rivers_large_b, jiyva_altar_1
D:11:     layout_loops_ring, dpeg_oklobed_lair, ebering_ghost_rock_garden,
          serial_ice, serial_ice_m, serial_ice_c, serial_ice_l, serial_ice_f,
          serial_ice_d, serial_ice_b, serial_ice_o, serial_ice_n,
          portal_ice_cave_demonic_guard
D:12:     layout_basic, orc_0_dummy, minmay_three_doors
Temple:   hc_temple_tempest_star
Lair:1:   layout_chaotic_city
Lair:2:   layout_roguey, minmay_shoals_entry_centaurs
Lair:3:   layout_roguey, nicolae_snake_entry_warm_welcome, serial_bayou_shore_b
Lair:4:   pond_and_an_island_with_a_cottage, layout_regular_city

Skill      XL: |  1  2  3  4  5  6  7  8  9 10 11 12 13 |
---------------+----------------------------------------+-----
Throwing       | 2 3 4 5 6 7 8 |  8.0
Maces & Flails | 1 |  1.9
Dodging        | 3 4 5 |  5.6
Armour         | 1 2 3 4 6 |  6.2
Axes           | 2 3 4 6 8 11 12 14 | 14.5
Stealth        | 1 2 3 |  3.2
Fighting       | 3 4 5 6 8 9 |  9.2
Shields        | 1 3 4 |  4.8
Conjurations   | 1 |  1.6
Spellcasting   | 1 |  1.3
Fire Magic     | 1 |  1.0
Long Blades    | |  2.9

Action                   |  1- 3 |  4- 6 |  7- 9 | 10-12 | 13-15 || total
-------------------------+-------+-------+-------+-------+-------++-------
Melee: Whip              |    51 |    55 |       |       |       ||   106
       Long sword        |     8 |       |       |       |       ||     8
       Broad axe         |       |    45 |   134 |   499 |   130 ||   808
       Headbutt          |       |     8 |    23 |   123 |    37 ||   191
       Punch             |       |     1 |       |     4 |       ||     5
Throw: Stone             |       |    16 |       |     2 |       ||    18
Invok: Curse Item        |       |       |     1 |       |     1 ||     2
  Use: Scroll            |       |       |     9 |    15 |       ||    24
       Potion            |       |       |       |     2 |       ||     2
 Stab: Sleeping          |     2 |     2 |       |     6 |     3 ||    13
       Distracted        |       |       |       |     4 |       ||     4
Armor: Leather armour    |    12 |    11 |       |       |       ||    23
       Ring mail         |       |    14 |    14 |       |       ||    28
       Scale mail        |       |       |    45 |       |       ||    45
       Steam dragon scal |       |       |     4 |     6 |       ||    10
       Acid dragon scale |       |       |       |   190 |    51 ||   241
Dodge: Dodged            |    40 |    62 |   103 |   355 |    89 ||   649
Block: Kite shield       |       |       |       |   142 |    63 ||   205

Table legend: (Time is in decaauts)
 A = Elapsed time spent in this place.
 B = Non-inter-level travel time spent in this place.
 C = Inter-level travel time spent in this place.
 D = Time resting spent in this place.
 E = Time spent auto-exploring this place.
 F = Levels seen in this place.
 G = Mean time per level.
                   A        B        C        D        E       F      G
               +--------+--------+--------+--------+--------+-----+--------+
         Total |  17275 |  16024 |   1251 |   2190 |  10590 |  18 |  959.7 |
       Dungeon |  10819 |   9739 |   1080 |    858 |   7104 |  12 |  901.6 |
        Temple |    238 |    189 |     49 |      0 |    173 |   1 |  238.0 |
          Lair |   4646 |   4524 |    122 |    688 |   2883 |   4 | 1161.5 |
      Ice Cave |   1571 |   1571 |      0 |    644 |    429 |   1 | 1571.0 |
               +--------+--------+--------+--------+--------+-----+--------+

Top non-repeatable levels by time:
   IceCv: 1571 daAuts
    D:11: 1559 daAuts
     D:9: 1324 daAuts
  Lair:2: 1302 daAuts
  Lair:3: 1285 daAuts
     D:6: 1137 daAuts
     D:8: 1124 daAuts
  Lair:4: 1122 daAuts
     D:4: 1092 daAuts
    D:10: 972 daAuts
  Lair:1: 936 daAuts
     D:7: 877 daAuts
     D:2: 816 daAuts
     D:5: 774 daAuts
     D:1: 756 daAuts
